← All builds
Tech / Armada / Economy first / OBSERVED BUILD

Standard tech

Armada Tech (Eco) build order · Supreme Isthmus

Rushes T2 by 4:15, gets Advanced Metal Extractor around 5:28, hands off T2 constructors to Geo and the team, then scales eco and supplies the team's T2 needs through the rest of the game.

Usually first T2 con to Geo (83%)

#eco #t2 #team support · 1574 distinct matches · 255 players · 58% of Armada Tech games · team won 53% of 1868 · Recently observed

HOW TO PLAY IT

Key timing: T2 factory by 4:15

  1. Open 3 mex and heavy wind to fund a fast T2 rush.
  2. Put down Bot Lab, planning to eat it for reclaim soon after.
  3. Get Advanced Bot Lab up, hitting the T2 factory rush timing.
  4. Upgrade mex to Advanced Metal Extractor to lock in team metal income.
  5. Eat Advanced Bot Lab and keep sending cons to Geo and Pond.

Phase by phase

TYPICAL OF ITS 1574 GAMES
  1. 1
  2. 2
  3. 3
  4. 4
PLAY THE OPENING

Follow the example game's first 6:00 step by step: what to build now, what comes next, and where it goes. At 1× it keeps pace with your own game.

  1. 1

    Up to the Bot Lab

    Economy
    • Metal Extractor3Mex
    • Wind Turbine4Wind
    Order
    1. Bot LabBot Lab after 3 mex, 4 winddone ~1:18, middle half 1:13–1:32

    Some games also: energy storage (31%)

    By 1:01 in all: 3 mex · 4 wind

    The example game in this phase · 3 steps
    1. Mex ×3
    2. Wind ×2
    3. Bot LabBot Labdone 1:04 · typical 1:18
  2. 2

    Bot Lab to Advanced Bot Lab

    Economy
    • Metal Extractor1Mex
    • Wind Turbine8Wind
    • Energy Storage1Energy storage
    Order
    1. Advanced Bot LabAdvanced Bot Lab after 4 mex, 12 wind, 3 con turretdone ~4:16, middle half 4:04–4:30
    Builders
    • Construction Turret3 Con turret
    • Lazarus3 Lazarus
    • Construction Bot2 Con bot
    • Construction Bot1 Con bot for allies

    Some games also: converter (36%)

    By 3:18 in all: 4 mex · 12 wind · 1 energy storage · 3 con turret

    The example game in this phase · 12 steps
    1. LazarusLazarus
    2. Wind ×4
    3. Construction BotCon botfor Air
    4. LazarusLazarus
    5. Construction BotCon bot
    6. LazarusLazarus
    7. Construction BotCon bot
    8. Energy storage
    9. Con turret
    10. Mex
    11. Con turret ×2
    12. Advanced Bot LabAdvanced Bot Labdone 3:48 · typical 4:16
  3. 3

    Advanced Bot Lab to 5:00

    Economy
    • Wind Turbine3Wind
    Order
    1. Bot LabEat Bot Lab
    Builders
    • Advanced Construction Bot1 T2 con bot for allies

    Some games also: converter (35%)

    By 5:00 in all: 4 mex · 15 wind · 1 converter · 1 energy storage · 3 con turret

    The example game in this phase · 6 steps
    1. Bot LabEat Bot Labreclaimed for its metal
    2. Advanced Construction BotT2 con botfor Geo
    3. Wind ×2
    4. Advanced Metal ExtractorT2 mexdone 5:19 · typical 5:29
    5. Wind ×3
    6. Advanced Construction BotT2 con botfor Geo
  4. 4

    5:00 to 10:00

    Economy
    • Wind Turbine43Wind
    • Energy Converter6Converter
    Builders
    • Butler9 Butler
    • Advanced Construction Bot4 T2 con bot for allies
    • Advanced Construction Bot1 T2 con bot

    Some games also: con turret (43%) · Butler for allies (37%)

    By 10:00 in all: 4 mex · 58 wind · 8 converter · 1 energy storage · 3 con turret

    The example game in this phase · 198 steps
    1. Converter
    2. Advanced Metal ExtractorT2 mex ×2
    3. Converter ×2
    4. Advanced Construction BotT2 con botfor Geo sea
    5. Converter
    6. Advanced Construction BotT2 con botfor Pond
    7. Advanced Metal ExtractorT2 mex
    8. Wind
    9. Advanced Construction BotT2 con botfor Beach sea
    10. Wind
    11. ButlerButler
    12. Wind ×3
    13. ButlerButler
    14. Wind ×3
    15. ButlerButler
    16. Wind ×2
    17. ButlerButler
    18. Wind
    19. ButlerButler ×4
    20. Wind ×2
    21. ButlerButler
    22. Wind ×2
    23. ButlerButler
    24. Wind ×2
    25. ButlerButler
    26. Wind ×3
    27. ButlerButler
    28. Wind ×3
    29. ButlerButler
    30. Wind ×4
    31. ButlerButler
    32. Wind ×4
    33. ButlerButler
    34. Wind ×8
    35. ButlerButler
    36. Wind ×18
    37. Converter
    38. Wind ×6
    39. Converter
    40. Wind ×2
    41. Converter
    42. Wind ×2
    43. Converter
    44. Wind ×4
    45. Converter ×2
    46. Wind ×4
    47. ButlerButler
    48. Wind ×3
    49. Converter
    50. Wind ×5
    51. Converter
    52. Wind ×7
    53. Converter
    54. Wind ×2
    55. ButlerButler
    56. Wind ×2
    57. Converter
    58. Wind ×8
    59. Converter
    60. Wind ×3
    61. UmbrellaAnti-nukedone 12:58
    62. Wind ×2
    63. Converter
    64. Wind ×7
    65. Converter
    66. Wind ×7
    67. Converter
    68. Wind ×6
    69. Converter
    70. Wind ×5
    71. Converter
    72. Wind ×5
    73. Converter
    74. Wind ×2
    75. Converter
    76. Wind ×4
    77. Converter
    78. Wind ×4
    79. Converter
    80. Wind ×4
    81. Converter
    82. Wind ×3
    83. Converter
    84. Wind ×4
    85. Converter
    86. Wind
    87. Converter
    88. Wind ×6
    89. Converter
    90. Wind
    91. Converter
    92. Wind ×4
    93. Converter
    94. Wind ×3
    95. Converter
    96. Wind ×4
    97. Converter
    98. Wind ×2
    99. Converter
    100. Wind ×3
    101. Converter
    102. Wind ×4
    103. Converter
    104. Wind ×2
    105. Converter
    106. Wind ×3
    107. Converter
    108. Wind ×3
    109. Converter
    110. Wind ×3
    111. Converter
    112. Wind ×3
    113. Converter
    114. Wind ×4
    115. Converter
    116. Wind ×4
    117. Converter
    118. Wind ×2
    119. Converter
    120. Wind
    121. Advanced Construction BotT2 con bot
    122. Wind ×2
    123. Converter
    124. Wind ×3
    125. Converter
    126. Wind ×4
    127. Converter
    128. Wind ×2
    129. Converter
    130. Wind ×5
    131. Converter
    132. Wind ×2
    133. Converter
    134. Wind ×5
    135. Converter
    136. Wind
    137. Con turret
    138. Wind
    139. Converter
    140. Wind ×4
    141. Converter
    142. Wind ×3
    143. Converter
    144. Wind ×4
    145. Converter
    146. Wind ×2
    147. Converter
    148. Wind ×2
    149. Con turret
    150. Wind ×3
    151. Converter
    152. Wind
    153. Converter
    154. Wind ×4
    155. Converter
    156. Con turret
    157. Wind ×3
    158. Converter
    159. Wind ×5
    160. Converter
    161. Con turret
    162. Converter
    163. Wind ×4
    164. Con turret
    165. Wind ×2
    166. Converter
    167. Wind ×2
    168. Converter
    169. Wind ×4
    170. Converter
    171. Wind ×2
    172. Converter
    173. Wind ×2
    174. Metal storage
    175. Energy storage
    176. Wind ×3
    177. Converter
    178. Wind
    179. Converter
    180. Wind ×4
    181. Converter
    182. Wind ×3
    183. Converter
    184. Wind ×4
    185. Fusion ReactorFusionnot finished by 15:00
    186. Wind
    187. Converter
    188. Wind ×3
    189. Converter
    190. Wind ×4
    191. Converter
    192. Wind
    193. Converter
    194. Wind ×5
    195. Converter
    196. Wind ×2
    197. Converter
    198. Wind ×2

Counts are medians over the build's games: half of them build more, half fewer. The example game is Ecky9's (32 OS, 04/10/2026); pick another.

Team trades

IN AT LEAST 30% OF ITS GAMES

You hand over

  • Construction Bot1 Con bot to Airfirst at 2:24 · in 84% of games
  • Advanced Construction Bot5 T2 con bot to Air or Geo sea or Pondfirst at 4:50 · in 99% of games
  • Butler2 Butler to Geo sea or Beach sea or Pondfirst at 9:07 · in 42% of games

You get

  • Hercules1 Light transport from Airfirst at 4:01 · in 86% of games

How it plays out

Typical game of this build, running totals by minute

Metal produced

020k40k
0:005:0010:0015:00

metal

Enemy metal destroyed

050100
0:005:0010:0015:00

metal

Own metal lost

050100150
0:005:0010:0015:00

metal

1868 games.

Show as table
ByMetal produced: This buildEnemy metal destroyed: This buildOwn metal lost: This build
1:0038300
2:0091500
3:00165100
4:00314300
5:00484800
6:00580000
7:00722700
8:00906100
9:001116900
10:001350200
11:001623900
12:001965200
13:002344100
14:0027357074
15:003153885130
WHAT THE NUMBERS SAY

Standard Tech play barely fights at all early, instead pouring metal into T2 infrastructure and constructors for the team.

  • + Metal produced hits 31679 by 15:00, by far the highest of any role here.
  • + T2 factory reached in 97% of games by 4:15, fastest and most reliable T2 timing.
  • − Enemy metal destroyed stays at 0 through 10:00, no early offense at all.
  • − Own metal lost also near 0, showing total avoidance of combat risk.
THE EXAMPLE YOU ARE READING

Ecky9

32.1 OS · 04/10/2026

Open source match ↗

1 received units
1997 metal received · 32169 energy received

Allied construction assistance is unknown. Timings are observations, not a promise of solo reproducibility.

Typical milestones

Bot Lab1:18Middle 50%: 1:13–1:32 · n=1868
Advanced Bot Lab4:16Middle 50%: 4:04–4:30 · n=1861
Advanced Metal Extractor5:29Middle 50%: 5:06–5:59 · n=1864

Played most by

Amrissa93games of this buildTheGeneraI66games of this buildAdeus57games of this buildEl_Turco56games of this buildKOT_43games of this build